 Dungeon Crawl Stone Soup version 0.19-a0-1886-gd64a0f0 (webtiles) character file.

10539 arrogantfascist the Black Sun (level 11, -4/71 HPs)
             Began as a Mummy Wizard on Oct 4, 2016.
             Was a High Priest of Kikubaaqudgha.
             Slain by Gastronok (20 damage)
             ... on level 1 of the Lair of Beasts on Oct 16, 2016.
             The game lasted 01:56:24 (23056 turns).

arrogantfascist the Black Sun (Mummy Wizard)       Turns: 23056, Time: 01:56:25

Health: -4/71      AC:  7    Str: 18    XL:     11   Next: 37%
Magic:  18/30      EV: 12    Int: 20    God:    Kikubaaqudgha [*****.]
Gold:   752        SH:  0    Dex: 11    Spells: 7 memorised, 6 levels left

rFire  x . .     SeeInvis .     v - +10 falchion "Unoosali" {freeze, Str+4}
rCold  + . .     Gourm    .     A - +2 robe {MR+}
rNeg   + + +     Faith    .     (no shield)
rPois  ∞         Spirit   .     b - +0 hat
rElec  .         Dismiss  .     j - +2 cloak
rCorr  .         Reflect  .     (no gloves)
MR     +++..     Harm     .     (no boots)
Stlth  +++.......               x - amulet "Riris" {rN+ Regen+ MP+9 Str+3 Stlth+}
                                (no ring)
                                m - ring of protection from magic

@: no status effects
A: no food or potions, fire vulnerability, cold resistance 1, negative energy
resistance 3, torment resistance, unbreathing
a: Receive Corpses, Torment, Renounce Religion


You were on level 1 of the Lair of Beasts.
You worshipped Kikubaaqudgha.
Kikubaaqudgha was extremely pleased with you.
You were not hungry.

You visited 4 branches of the dungeon, and saw 14 of its levels.
You also visited: Sewer.

You collected 752 gold pieces.

Inventory:

Hand Weapons
 o - a +0 blowgun
 q - a +2 flail of protection
 t - a +2 flail of protection
 v - the +10 falchion "Unoosali" (weapon) {freeze, Str+4}
   (You found it on level 8 of the Dungeon)

   It has been specially enchanted to freeze those struck by it, causing extra
   injury to most foes and up to half again as much damage against particularly
   susceptible opponents.
   It can also slow down cold-blooded creatures.
   It affects your strength (+4).
Missiles
 k - 48 poisoned needles
Armour
 a - a +0 robe
 b - a +0 hat (worn)
 h - a +1 robe of positive energy
 j - a +2 cloak (worn)
 A - a +2 robe of magic resistance (worn)
 C - a cursed +0 robe
Jewellery
 m - a ring of protection from magic (left hand)
 x - the amulet "Riris" (around neck) {rN+ Regen+ MP+9 Str+3 Stlth+}
   (You took it off Maurice on level 8 of the Dungeon)

   [amulet of regeneration]

   It affects your strength (+3).
   It protects you from negative energy.
   It affects your magic capacity (+9).
   It increases your rate of regeneration.
   It makes you more stealthy.
Wands
 e - a wand of lightning (5/15)
 w - a wand of polymorph (8/24)
 F - a wand of digging (11/24)
 H - a wand of hasting (5/9)
 I - a wand of heal wounds (3/9)
 K - a wand of digging (15/24)
Scrolls
 d - 8 scrolls of identify
 f - a scroll of recharging
 g - 11 scrolls of remove curse
 l - a scroll of magic mapping
 n - 2 scrolls of fog
 p - 3 scrolls of amnesia
 r - a scroll of enchant armour
 s - a scroll of silence {unknown}
 u - 3 scrolls of random uselessness {unknown}
 y - 3 scrolls of teleportation
 D - 3 scrolls of vulnerability {unknown}
 G - a scroll of enchant weapon {unknown}
 J - a scroll of fear {unknown}
Books
 c - a book of Minor Magic

   Spells                             Type                      Level
   a - Magic Dart                     Conjuration                  1
   b - Blink                          Translocation                2
   c - Call Imp                       Summoning                    2
   d - Repel Missiles                 Charms/Air                   2
   e - Slow                           Hexes                        2
   f - Conjure Flame                  Conjuration/Fire             3
   g - Mephitic Cloud                 Conjuration/Poison/Air       3
 i - Kikubaaqudgha's Tome of Dark Secrets
   (Kikubaaqudgha gifted it to you on level 5 of the Dungeon)

   Spells                             Type                      Level
   a - Animate Skeleton               Necromancy                   1
   b - Pain                           Necromancy                   1
   c - Corpse Rot                     Necromancy                   2
   d - Vampiric Draining              Necromancy                   3
   e - Control Undead                 Necromancy                   4
 z - a book of Necromancy

   Spells                             Type                      Level
   a - Pain                           Necromancy                   1
   b - Animate Skeleton               Necromancy                   1
   c - Vampiric Draining              Necromancy                   3
   d - Regeneration                   Charms/Necromancy            3
   e - Animate Dead                   Necromancy                   4
   f - Control Undead                 Necromancy                   4
 B - Kikubaaqudgha's Collected Works on Stolen Souls
   (Kikubaaqudgha gifted it to you on level 9 of the Dungeon)

   Spells                             Type                      Level
   a - Animate Dead                   Necromancy                   4
   b - Excruciating Wounds            Charms/Necromancy            5
   c - Agony                          Necromancy                   5
   d - Dispel Undead                  Necromancy                   5
   e - Death Channel                  Necromancy                   6
 E - a book of Debilitation

   Spells                             Type                      Level
   a - Corona                         Hexes                        1
   b - Slow                           Hexes                        2
   c - Gell's Gravitas                Hexes/Translocation          3
   d - Inner Flame                    Hexes/Fire                   3
   e - Cause Fear                     Hexes                        4
   f - Leda's Liquefaction            Hexes/Earth                  4


   Skills:
 - Level 1.5 Fighting
 + Level 3.7 Long Blades
 - Level 1.5 Dodging
 - Level 1.5 Stealth
 + Level 7.0 Spellcasting
 - Level 5.5 Conjurations
 * Level 7.1 Summonings
 * Level 7.5 Necromancy
   Level 0.7 Translocations
 - Level 5.2 Air Magic
 - Level 5.0 Poison Magic


You had 6 spell levels left.
You knew the following spells:

 Your Spells              Type           Power        Failure   Level  Hunger
a - Magic Dart            Conj           ####         1%          1    N/A
b - Call Imp              Summ           #####...     1%          2    N/A
c - Mephitic Cloud        Conj/Pois/Air  ####....     3%          3    N/A
d - Animate Skeleton      Necr           N/A          1%          1    N/A
e - Vampiric Draining     Necr           #####.....   1%          3    N/A
f - Control Undead        Necr           #####.....   6%          4    N/A
g - Animate Dead          Necr           N/A          6%          4    N/A

Dungeon Overview and Level Annotations

Branches:
Dungeon (11/15)            Temple (1/1) D:5            Lair (1/6) D:11
    Orc (1/2) D:9

Altars:
Ashenzari
Cheibriados
Dithmenos
Elyvilon
Fedhas
Gozag
Hepliaklqana
Kikubaaqudgha
Makhleb
Nemelex Xobeh
Okawaru
Ru
Sif Muna
Trog
Uskayaw
Vehumet
Xom
Yredelemnul
Zin
The Shining One
Jiyva

Shops:
D:6 :

Annotations:
D:7 Djon's ghost, novice OgHu
D:10 Nergalle
Lair:1 Gastronok


Innate Abilities, Weirdness & Mutations

You do not eat or drink.
Your flesh is vulnerable to fire.
You are immune to poison.
Your flesh is cold resistant. (rC+)
You are immune to negative energy. (rN+++)
You are immune to unholy pain and torment.
You can survive without breathing.


Message History

Gastronok is heavily wounded.
Gastronok is engulfed in noxious fumes.
Gastronok bites you!!
You slash Gastronok! You freeze Gastronok.
Gastronok is heavily wounded.
You hit Gastronok. You freeze Gastronok.
Gastronok is heavily wounded.
Gastronok is engulfed in noxious fumes.
Gastronok bites you!!
* * * LOW HITPOINT WARNING * * *
Casting: Mephitic Cloud
Confirm with . or Enter, or press ? or * to list all spells.
Aiming: Mephitic Cloud
Press: ? - help, Shift-Dir - straight line, f/p - Gastronok
Aim: Gastronok, wearing a runed hat (heavily wounded, covering ground quickly)
The ball explodes into a vile cloud!
The stinking cloud engulfs Gastronok.
Gastronok is heavily wounded.
The stinking cloud engulfs you!
Gastronok is engulfed in noxious fumes.
Gastronok misses you.
Gastronok is engulfed in noxious fumes.
Gastronok bites you!!
You die...
Kikubaaqudgha rasps: "You have failed me!
Welcome... oblivion!"

.....# .....# .....# .....# ###
### ### #
.....###.####.#####P#############
.........).......(...............
.................................
..((.............................
..((...........§@..............(.
...............§w.....)..........
...............§§§...............
.................................
###################.########.#.##
### ######


You could see Gastronok.

Vanquished Creatures
  Maurice (D:8)
  A centaur skeleton (D:11)
  A troll (D:11)
  A hornet (D:8)
  5 hippogriffs
  A spriggan (D:7)
  A wyvern (D:7)
  16 yaks
  Eustachio (D:5)
  2 wargs (D:11)
  A slave (D:7)
  9 orc warriors
  2 ice beasts (D:10)
  3 sky beasts
  7 ogres
  4 phantoms
  7 centaurs
  A wolf (Lair:1)
  3 big kobolds
  3 bullfrogs
  A gnoll sergeant (D:6)
  4 scorpions
  4 killer bees
  An electric eel (D:10)
  4 wights (D:10)
  A howler monkey (D:9)
  2 crimson imps
  A jelly (D:9)
  8 orc priests
  2 hounds
  2 bullfrog skeletons (D:5)
  10 orc wizards
  An iguana (D:11)
  5 worker ants
  A hell rat (D:5)
  3 gnolls (D:9)
  9 adders
  3 river rats (D:5)
  An ooze (D:1)
  A worm (D:5)
  2 dart slugs
  4 leopard geckos
  32 orcs
  7 giant cockroaches
  4 goblins
  8 hobgoblins
  14 jackals
  9 quokkas
  2 bats
  3 frilled lizards (D:1)
  14 kobolds
  A leopard gecko skeleton (D:5)
  26 rats
  A plant (D:10)
261 creatures vanquished.

Vanquished Creatures (collateral kills)
  Pikel (D:7)
  Joseph (Lair:1)
  An orc warrior (D:9)
  An ice beast (D:5)
  An eye of draining (D:11)
  3 wolves
  3 ogres
  2 centaurs
  2 big kobolds
  A bullfrog (D:7)
  2 scorpions
  A killer bee (D:9)
  2 wights
  An electric eel (D:10)
  2 howler monkeys
  A crimson imp (D:7)
  5 jellies
  9 orc wizards
  4 orc priests
  A hound (D:5)
  2 worker ants (D:4)
  A gnoll (D:9)
  5 adders
  A river rat (D:5)
  2 oozes
  An adder skeleton (D:9)
  3 worms
  2 leopard geckos
  20 orcs
  A giant cockroach (D:2)
  3 goblins
  12 jackals
  A ball python (D:5)
  2 frilled lizards (D:2)
  9 kobolds
  A quokka skeleton (D:4)
  12 rats
122 creatures vanquished.

Vanquished Creatures (others)
  2 slaves (D:8)
  An adder (D:8)
  A jackal (D:8)
  A leopard gecko skeleton (D:8)
  4 plants (D:10)
9 creatures vanquished.

Grand Total: 392 creatures vanquished

Notes
Turn   | Place    | Note
-------+----------+-------------------------------------------
     0 | D:1      | arrogantfascist the Mummy Wizard began the quest for the Orb.
     0 | D:1      | Reached XP level 1. HP: 13/13 MP: 4/4
   369 | D:1      | Reached skill level 1 in Fighting
   375 | D:1      | Reached XP level 2. HP: 21/21 MP: 1/6
  1302 | D:1      | Learned a level 2 spell: Call Imp
  2361 | D:1      | Reached skill level 1 in Summonings
  3279 | D:2      | Reached XP level 3. HP: 23/26 MP: 3/7
  3306 | D:2      | Learned a level 3 spell: Mephitic Cloud
  6114 | D:3      | Reached skill level 1 in Air Magic
  6114 | D:3      | Reached XP level 4. HP: 32/32 MP: 2/8
  6443 | D:3      | Reached skill level 1 in Conjurations
  6675 | D:3      | Found a glowing silver altar of Zin.
  6891 | D:3      | Found a glowing silver altar of Zin.
  7800 | D:3      | Found a glowing silver altar of Zin.
  8121 | D:3      | Found a glowing silver altar of Zin.
  8262 | D:3      | Reached skill level 1 in Poison Magic
  8988 | D:3      | Found a glowing silver altar of Zin.
  9008 | D:4      | Noticed an ogre
  9016 | D:4      | Killed an ogre
  9016 | D:4      | Reached XP level 5. HP: 37/37 MP: 4/9
  9034 | D:4      | Noticed a phantom
  9155 | D:4      | Found a glowing drain.
  9159 | Sewer    | Entered a sewer
  9160 | Sewer    | Upgraded the game from 0.19-a0-1792-g28b16ba to 0.19-a0-1815-g4007336
  9321 | Sewer    | Found a white marble altar of Elyvilon.
  9459 | D:4      | Killed a phantom
  9459 | D:4      | Reached XP level 6. HP: 26/43 MP: 0/10
 10912 | D:4      | Reached XP level 7. HP: 11/48 MP: 2/11
 11910 | D:5      | Entered Level 5 of the Dungeon
 12169 | D:5      | Found a staircase to the Ecumenical Temple.
 12178 | Temple   | Entered the Ecumenical Temple
 12190 | Temple   | Became a worshipper of Kikubaaqudgha
 12679 | D:5      | Reached skill level 1 in Necromancy
 13101 | D:5      | Reached * piety under Kikubaaqudgha
 13101 | D:5      | Identified Kikubaaqudgha's Tome of Dark Secrets (Kikubaaqudgha gifted it to you on level 5 of the Dungeon)
 13101 | D:5      | Received a gift from Kikubaaqudgha
 13172 | D:5      | Reached XP level 8. HP: 7/54 MP: 5/13
 13443 | D:5      | Learned a level 1 spell: Animate Skeleton
 13619 | D:5      | Learned a level 3 spell: Vampiric Draining
 13707 | D:5      | Found a staircase to the Ecumenical Temple.
 14140 | D:5      | Found a staircase to the Ecumenical Temple.
 14528 | D:5      | Found a staircase to the Ecumenical Temple.
 14869 | D:5      | Upgraded the game from 0.19-a0-1815-g4007336 to 0.19-a0-1821-g42c593c
 15058 | D:5      | Upgraded the game from 0.19-a0-1821-g42c593c to 0.19-a0-1827-g174f941
 15194 | D:6      | Noticed Eustachio
 15579 | D:6      | Found Hevvixie's Book Shop.
 15626 | D:5      | Killed Eustachio
 15666 | D:6      | You fall through a shaft!
 15992 | D:6      | Upgraded the game from 0.19-a0-1827-g174f941 to 0.19-a0-1837-gdfe47cf
 16003 | D:6      | Upgraded the game from 0.19-a0-1837-gdfe47cf to 0.19-a0-1849-g2383789
 16048 | D:7      | Upgraded the game from 0.19-a0-1849-g2383789 to 0.19-a0-1878-gcbc8a98
 16191 | D:7      | Found a bloodstained altar of Trog.
 16242 | D:7      | Upgraded the game from 0.19-a0-1878-gcbc8a98 to 0.19-a0-1883-gc9e4fd8
 16492 | D:7      | Noticed a hippogriff
 16552 | D:6      | Killed a hippogriff
 16552 | D:6      | Reached XP level 9. HP: 31/59 MP: 8/15
 17002 | D:7      | Reached ** piety under Kikubaaqudgha
 17036 | D:7      | Noticed Djon's ghost (novice OgHu)
 17215 | D:8      | Upgraded the game from 0.19-a0-1883-gc9e4fd8 to 0.19-a0-1886-gd64a0f0
 17364 | D:8      | Noticed Pikel
 17424 | D:7      | Killed Pikel
 17569 | D:7      | Reached skill level 5 in Spellcasting
 17965 | D:8      | Reached skill level 5 in Conjurations
 17990 | D:8      | Got an ancient falchion
 17991 | D:8      | Identified the +10 falchion "Unoosali" {freeze, Str+4} (You found it on level 8 of the Dungeon)
 18064 | D:8      | Reached skill level 5 in Summonings
 18279 | D:8      | Noticed Maurice
 18358 | D:8      | Killed Maurice
 18360 | D:8      | Got a coiled graven amulet
 18361 | D:8      | Identified the amulet "Riris" {rN+ Regen+ MP+9 Str+3 Stlth+} (You took it off Maurice on level 8 of the Dungeon)
 18499 | D:9      | Learned a level 4 spell: Control Undead
 18535 | D:8      | Reached skill level 1 in Long Blades
 18746 | D:9      | Learned a level 4 spell: Animate Dead
 18843 | D:9      | Reached XP level 10. HP: 60/66 MP: 18/18
 18937 | D:9      | Reached skill level 5 in Air Magic
 19096 | D:9      | Reached *** piety under Kikubaaqudgha
 19096 | D:9      | Identified Kikubaaqudgha's Collected Works on Stolen Souls (Kikubaaqudgha gifted it to you on level 9 of the Dungeon)
 19096 | D:9      | Received a gift from Kikubaaqudgha
 19282 | D:9      | Found a staircase to the Orcish Mines.
 19339 | D:9      | Found a viscous altar of Jiyva.
 19704 | D:9      | Reached skill level 5 in Necromancy
 19743 | D:9      | Reached skill level 5 in Poison Magic
 20162 | Orc:1    | Entered Level 1 of the Orcish Mines
 20284 | Orc:1    | Reached **** piety under Kikubaaqudgha
 20369 | D:10     | Entered Level 10 of the Dungeon
 20393 | D:10     | Noticed Nergalle
 21373 | D:10     | Reached XP level 11. HP: 71/71 MP: 20/20
 22104 | D:11     | Noticed a green ugly thing
 22177 | D:11     | Reached ***** piety under Kikubaaqudgha
 22462 | D:11     | Found a staircase to the Lair.
 22683 | Lair:1   | Entered Level 1 of the Lair of Beasts
 22831 | Lair:1   | Noticed Joseph
 22866 | Lair:1   | Killed Joseph
 22985 | Lair:1   | Noticed Gastronok
 23056 | Lair:1   | Slain by Gastronok

Vault maps used:
D:1:      eino_arrival_cavern_d
D:3:      nicolae_overflow_crystal_walls, minmay_misc_feat_x
D:4:      minmay_wonky_spiral, first_bread, gup_sewer_entry_bowl
D:5:      lemuel_ratsnest, st_stairs_11
D:6:      serial_shops, shop, minmay_misc_feat_five, sword_in_stone
D:7:      overflow_temple_1_default, lemuel_round_altar, the_bakery
D:8:      uniq_pikel, uniq_maurice
D:9:      david_orc_4, jiyva_altar_1
D:10:     serial_bayou, serial_bayou_pond_d, serial_bayou_pond_d,
          serial_bayou_lagoon_a, serial_bayou_pond_c, uniq_nergalle
D:11:     erik_lair_orcish_takeover, hex_tiny
Temple:   eino_narrow_crystal_temple
Lair:1:   nicolae_quartered_pool_medium, lemuel_centaur_altar, uniq_joseph,
          uniq_gastronok
Sewer:    sewer_kobolds

Skill      XL: |  1  2  3  4  5  6  7  8  9 10 11 |
---------------+----------------------------------+-----
Fighting       | 1 |  1.5
Summonings     | 1 2 3 4 5 6 7 |  7.1
Air Magic      | 1 2 3 4 5 |  5.2
Conjurations   | 1 2 3 4 5 |  5.5
Poison Magic   | 1 2 3 4 5 |  5.0
Necromancy     | 1 3 4 6 7 |  7.5
Spellcasting   | 4 5 6 7 |  7.0
Long Blades    | 1 3 |  3.7
Dodging        | |  1.5
Stealth        | |  1.5
Translocations | |  0.7

Action                   |  1- 3 |  4- 6 |  7- 9 | 10-12 || total
-------------------------+-------+-------+-------+-------++-------
Melee: Mace              |    81 |    89 |       |       ||   170
       Flail             |       |    96 |   279 |       ||   375
       Falchion          |       |       |    47 |   342 ||   389
 Fire: Blowgun           |       |       |     4 |       ||     4
 Cast: Magic Dart        |    26 |     8 |    17 |       ||    51
       Call Imp          |    26 |    53 |    92 |    38 ||   209
       Mephitic Cloud    |       |       |    36 |    51 ||    87
       Animate Skeleton  |       |       |    18 |       ||    18
       Vampiric Draining |       |       |     2 |       ||     2
       Control Undead    |       |       |     1 |     1 ||     2
       Animate Dead      |       |       |       |    26 ||    26
  Use: Scroll            |       |     8 |     1 |     1 ||    10
 Stab: Sleeping          |     1 |     1 |     2 |     5 ||     9
       Confused          |       |       |    15 |    18 ||    33
       Distracted        |       |       |       |     1 ||     1
Armor: Robe              |    24 |    79 |   116 |    63 ||   282
Dodge: Dodged            |    47 |   117 |   230 |   162 ||   556
       Rpst.: Falchion   |       |       |     4 |    46 ||    50
